 Dungeon Crawl Stone Soup version 0.22-a0-160-gcc81d7a (webtiles) character file.

113 theanonym the Chopper (level 4, -12/35 HPs)
             Began as a Mummy Berserker on Feb 10, 2018.
             Was a Believer of Trog.
             Mangled by Crazy Yiuf
             ... wielding a +2 quarterstaff of chaos
              (14 damage)
             ... on level 3 of the Dungeon.
             The game lasted 00:04:18 (2913 turns).

theanonym the Chopper (Mummy Berserker)             Turns: 2913, Time: 00:04:19

Health: -12/35     AC:  6    Str: 21    XL:     4   Next: 65%
Magic:  3/4        EV: 10    Int:  6    God:    Trog [**....]
Gold:   101        SH:  0    Dex: 11    Spells: 3/3 levels left

rFire    x . .     SeeInvis .   a - +0 hand axe
rCold    + . .     Gourm    .   (no shield)
rNeg     + + +     Faith    .   j - +0 scale mail
rPois    ∞         Spirit   .   (no helmet)
rElec    .         Reflect  .   (no cloak)
rCorr    .         Harm     .   (no gloves)
MR       .....                  (no boots)
Stlth    ..........             (no amulet)
HPRegen  0.11/turn              e - ring of flight
MPRegen  0.09/turn              (no ring)

@: very slightly contaminated, hasted, invisible, very quick
A: no food or potions, fire vulnerability, cold resistance 1, negative energy
resistance 3, torment resistance, unbreathing
a: Trog's Hand, Burn Spellbooks, Renounce Religion, Evoke Flight


Innate Abilities, Weirdness & Mutations

You do not eat or drink.
Your flesh is vulnerable to fire.
You are immune to poison.
Your flesh is cold resistant. (rC+)
You are immune to negative energy. (rN+++)
You are immune to unholy pain and torment.
You can survive without breathing.


   Skills:
 - Level 3.0 Fighting
 + Level 4.5 Axes
 - Level 1.5 Armour
 - Level 1.5 Dodging


You had 3 spell levels left.
You didn't know any spells.

Skill      XL: |  1  2  3 |
---------------+----------+-----
Axes           | 3 4 |  4.5
Fighting       | |  3.0
Armour         | |  1.5
Dodging        | |  1.5

Action                   |  1- 3 |  4- 6 || total
-------------------------+-------+-------++-------
Melee: Hand axe          |   170 |    51 ||   221
Armor: Animal skin       |     8 |       ||     8
       Ring mail         |    39 |       ||    39
       Scale mail        |    10 |    12 ||    22
Dodge: Dodged            |   112 |    20 ||   132

Inventory:

Hand Weapons
 a - a +0 hand axe (weapon)
Armour
 b - a +0 animal skin
 f - a +0 ring mail
   (You found it on level 1 of the Dungeon)
 j - a +0 scale mail (worn)
   (You found it on level 2 of the Dungeon)
Jewellery
 e - a ring of flight (left hand)
   (You found it on level 1 of the Dungeon)
Wands
 h - a wand of paralysis (12)
   (You found it on level 2 of the Dungeon)
Scrolls
 c - 2 scrolls of remove curse {unknown}
 d - a scroll of fog {unknown}
 g - a scroll of magic mapping {unknown}
 i - 5 scrolls of identify {unknown}
 k - 2 scrolls of noise {unknown}
 l - a scroll of fear {unknown}
 m - 2 scrolls of teleportation {unknown}
 n - a scroll of blinking {unknown}
 o - a scroll of random uselessness {unknown}


You were on level 3 of the Dungeon.
You worshipped Trog.
Trog was pleased with you.
You were not hungry.

You visited 1 branch of the dungeon, and saw 3 of its levels.

You collected 101 gold pieces.

Dungeon Overview and Level Annotations

Branches:
Dungeon (3/15)

Altars:
Cheibriados
Elyvilon
Ru
Trog

Annotations:
D:3 Crazy Yiuf

#...........#
#.#....# #...
#...........#
#.#....# #...
#..........##
###....# #...
#..........#
#....# #...
#####.#.####
##### #....#
#... # #.#.#
#..)#
##....###...
# #.#.# #...#
#...........
# #.#.# #.g.#
##.....####.
# #.#!# #@#
#........## #
#.#.# ♣♣.♣
#####.#.#.##
#####.#.####
♣.♣♣
#..=...<#.#.
...........#
♣♣.♣
#####.#...#.
#####.#.####
♣.♣♣
#.........#.
........#
♣♣.♣♣
####......#.
#.......#
♣...♣♣
#..#.....^..
#.......#
♣....♣
##.#.......#
#...)...#
#....#
##.#.......#


You could see Crazy Yiuf.

Notes
Turn   | Place    | Note
-------+----------+-------------------------------------------
     0 | D:1      | theanonym the Mummy Berserker began the quest for the Orb.
     0 | D:1      | Reached XP level 1. HP: 18/18 MP: 1/1
   102 | D:1      | HP: 9/18 [bat (1)]
   108 | D:1      | HP: 7/18 [bat (1)]
   329 | D:1      | HP: 7/18 [goblin (4)]
   556 | D:1      | Reached skill level 3 in Axes
   556 | D:1      | Reached XP level 2. HP: 22/24 MP: 2/2
  1160 | D:2      | Reached XP level 3. HP: 28/29 MP: 3/3
  1191 | D:2      | Found a sacrificial altar of Ru.
  1473 | D:2      | Reached skill level 4 in Axes
  1487 | D:2      | Reached ** piety under Trog
  1620 | D:2      | Reached XP level 4. HP: 19/35 MP: 4/4
  1635 | D:2      | HP: 17/35 [hobgoblin (1)]
  1821 | D:3      | Found a snail-covered altar of Cheibriados.
  2294 | D:3      | Found a bloodstained altar of Trog.
  2419 | D:3      | Found a runed door.
  2467 | D:3      | Found a white marble altar of Elyvilon.
  2902 | D:3      | Noticed Crazy Yiuf
  2910 | D:3      | HP: 17/35 [Crazy Yiuf/quarterstaff of chaos (1)]
  2913 | D:3      | HP: 2/35 [Crazy Yiuf/quarterstaff of chaos (8)]
  2913 | D:3      | Mangled by Crazy Yiuf

Vanquished Creatures
  4 adders
  An ooze (D:2)
  3 worms
  3 dart slugs
  4 bats
  3 giant cockroaches
  11 goblins
  6 hobgoblins
  10 kobolds
  2 quokkas (D:3)
  2 frilled lizards (D:2)
  9 rats
58 creatures vanquished.

Table legend:
 A = Turns spent in this place as a percentage of turns spent in the entire game.
 B = Non-inter-level travel turns spent in this place as a percentage of non-inter-level travel turns spent in the entire game.
 C = Inter-level travel turns spent in this place as a percentage of turns spent in this place.
 D = Turns resting spent in this place as a percentage of non-inter-level travel turns spent in this place.
 E = Turns spent auto-exploring this place as a percentage of non-inter-level travel turns spent in this place.
 F = Non-inter-level travel turns spent in this place divided by the number of levels of this place that you've seen.
                   A       B       C       D       E      F
               +-------+-------+-------+-------+-------+----------------------
         Total | 100.0 | 100.0 |   0.9 |  20.0 |  64.3 | 962.0
       Dungeon | 100.0 | 100.0 |   0.9 |  20.0 |  64.3 | 962.0
               +-------+-------+-------+-------+-------+----------------------
